 Dungeon Crawl Stone Soup version 0.31-a0-640-g39d97e502b (webtiles) character file.

Game seed: 13262788371201074963

875 qw the Skirmisher (level 8, -11/49 HPs)
             Began as a Gargoyle Hunter on Aug 27, 2023.
             Was an Initiate of Okawaru.
             Killed from afar by Maggie (14 damage)
             ... with a bolt of fire
             ... on level 6 of the Dungeon.
             The game lasted 00:02:12 (4029 turns).

qw the Skirmisher (Gargoyle Hunter)                 Turns: 4029, Time: 00:02:13

Health: -11/49     AC: 14    Str: 16    XL:     8   Next: 4%
Magic:  8/8        EV: 11    Int:  9    God:    Okawaru [......]
Gold:   178        SH:  0    Dex: 15    Spells: 7/7 levels left

rFire   . . .        Y - +0 shortbow
rCold   . . .        (shield currently unavailable)
rNeg    + . .        k - +0 ring mail
rPois   inf          (no helmet)
rElec   +            m - +0 cloak
rCorr   .            d - +0 pair of gloves
SInv    .            i - +0 pair of boots
Will    .....        b - amulet of the acrobat
Stlth   +            (no ring)
HPRegen 0.28/turn    (no ring)
MPRegen 0.11/turn

%: acrobat
@: no status effects
A: sickness immunity, AC +5, negative energy resistance 1, electricity
resistance, torment resistance 1, petrification resistance, wild magic 1, noise
suppression
a: Renounce Religion


You were on level 6 of the Dungeon.
You worshipped Okawaru.
Okawaru was noncommittal.
You visited 1 branch of the dungeon, and saw 6 of its levels.

You collected 178 gold pieces.


Innate Abilities, Weirdness & Mutations

You are immune to sickness and miasma.
Your stone body is resilient. (AC +5)
You are immune to poison.
You resist negative energy. (rN+)
You are resistant to electric shocks. (rElec)
You are resistant to unholy torment.
You are immune to petrification.
Your spells are a little harder to cast, but a little more powerful.
You passively dampen the noise of your surroundings.


   Skills:
 - Level 5.0 Fighting
 - Level 8.0 Ranged Weapons
 - Level 3.1 Armour
 + Level 1.7 Dodging
 - Level 1.1 Stealth
 - Level 1.1 Invocations


You had 7 spell levels left.
You didn't know any spells.
Your spell library was empty.

Inventory:

Hand Weapons
 Y - a +0 shortbow (weapon)
Armour
 d - a +0 pair of gloves (worn)
 i - a +0 pair of boots (worn)
 k - a +0 ring mail (worn)
 m - a +0 cloak (worn)
Jewellery
 b - an amulet of the acrobat (around neck)
Potions
 a - a potion of mutation
 e - a potion of degeneration {unknown}
 f - a potion of might
 g - a potion of lignification {unknown}
 h - 2 potions of curing
 j - a potion of haste {unknown}

Dungeon Overview and Level Annotations

Branches:
Dungeon (6/15)
 Temple: D:4-7

Altars:
Ashenzari
Cheibriados
Okawaru
Qazlal
Ru
Sif Muna
Uskayaw
Zin

Annotations:
D:6 Maggie


Message History

Maggie is severely wounded.
Maggie closely misses you.
You shoot an arrow. The arrow hits Maggie.
Maggie is severely wounded.
You feel like a meek peon again.
You shoot an arrow. The arrow completely misses Maggie.
Maggie closely misses you. x2
You shoot an arrow.
The arrow hits Maggie but does no damage.
Maggie is severely wounded.
Maggie barely misses you.
You shoot an arrow. The arrow closely misses Maggie.
Maggie gestures wildly while chanting.
Maggie draws you further into her thrall.
You shoot an arrow. The arrow closely misses Maggie.
Maggie closely misses you.
You shoot an arrow. The arrow hits Maggie.
Maggie is severely wounded.
Maggie closely misses you.
You shoot an arrow.
The arrow hits Maggie but does no damage.
Maggie is severely wounded.
Maggie hits you with a +0 scimitar.
You shoot an arrow. The arrow closely misses Maggie.
Maggie barely misses you.
You shoot an arrow. The arrow hits Maggie.
Maggie is severely wounded.
Maggie barely misses you.
You shoot an arrow. The arrow barely misses Maggie.
Maggie hits you but does no damage.
You shoot an arrow.
The arrow hits Maggie but does no damage.
Maggie is severely wounded.
Maggie hits you but does no damage.
You shoot an arrow. The arrow hits Maggie.
Maggie is severely wounded.
You break out of your daze.
Maggie points at you and mumbles some strange words.
The bolt of fire hits you!
You die...

..#.._ .#.$...
#$... #### # ...
####..# #.#
##......# #.###@@#
#.....#......
#####.....#.#..$#
#.............###
##....####...#..
#..........#...
####.#....#...##...
#.....<####
#....#.#
####......# ....
#..


You could see Maggie.

Vanquished Creatures
  A water moccasin (D:5)
  An ice beast (D:5)
  An ogre (D:3)
  2 hounds (D:5)
  A gnoll bouda (D:5)
  2 iguanas
  3 orc wizards
  8 gnolls
  14 adders
  4 river rats (D:3)
  6 worms
  3 dart slugs
  21 orcs
  12 endoplasms
  5 giant cockroaches (D:1)
  4 goblins
  3 hobgoblins
  8 quokkas
  5 ball pythons
  4 bats
  4 frilled lizards
  7 kobolds
  4 rats
123 creatures vanquished.

Notes
Turn   | Place    | Note
-------+----------+-------------------------------------------
     0 | D:1      | qw the Gargoyle Hunter began the quest for the Orb.
     0 | D:1      | Reached XP level 1. HP: 12/12 MP: 1/1
     0 | D:1      | 0 ||| qw: Version: 0.3-a-74-g0d5e918
     0 | D:1      | 0 ||| qw: Game counter: 148
     0 | D:1      | 0 ||| qw: Melee chars always use a shield: true
     0 | D:1      | 0 ||| qw: God list: Okawaru
     0 | D:1      | 0 ||| qw: Allow faded altars: false
     0 | D:1      | 0 ||| qw: Do Orc after clearing Dungeon:15 true
     0 | D:1      | 0 ||| qw: Do second Lair branch before Depths: true
     0 | D:1      | 0 ||| qw: Lair rune preference: random
     0 | D:1      | 0 ||| qw: Goals: Normal
     0 | D:1      | 0 ||| PLANNING D:1-11
   125 | D:1      | Reached XP level 2. HP: 17/17 MP: 2/2
   218 | D:1      | 218 ||| DROPPING +2 sling of freezing.
   259 | D:1      | Reached XP level 3. HP: 21/21 MP: 3/3
   295 | D:1      | Reached skill level 5 in Ranged Weapons
   417 | D:1      | 417 ||| READING scroll labelled XOMEIPREPP.
   418 | D:1      | 418 ||| DRINKING 2 viscous orange potions.
   419 | D:1      | 419 ||| DRINKING 3 bubbling puce potions.
   420 | D:1      | 420 ||| DROPPING scroll of butterflies.
   421 | D:1      | 421 ||| DROPPING potion of magic.
   567 | D:2      | Reached skill level 3 in Fighting
   619 | D:2      | Reached XP level 4. HP: 28/28 MP: 4/4
   793 | D:2      | Identified the +6 whip "Weanob Ogap" {drain, *Slow rElec
                  | Will+}
  1097 | D:2      | 1097 ||| UPGRADING to +0 pair of boots.
  1102 | D:2      | 1102 ||| UPGRADING to +0 ring mail.
  1112 | D:2      | 1112 ||| DROPPING +0 leather armour.
  1113 | D:2      | 1113 ||| UPGRADING to amulet of the acrobat.
  1118 | D:2      | 1118 ||| READING scroll labelled GEZOTTOGEVIRR.
  1147 | D:3      | 1147 ||| PLANNING SEWER
  1161 | D:3      | Found a sacrificial altar of Ru.
  1174 | D:3      | Noticed an ogre
  1181 | D:3      | Killed an ogre
  1182 | D:3      | Reached skill level 3 in Armour
  1182 | D:3      | Reached XP level 5. HP: 22/32 MP: 5/5
  1614 | D:3      | 1614 ||| Stepping ~*~*~tactically~*~*~ (outnumbered).
  1620 | D:3      | Reached XP level 6. HP: 37/37 MP: 6/6
  1627 | D:3      | Reached skill level 6 in Ranged Weapons
  1876 | D:3      | 1876 ||| RIP SEWER
  1877 | D:3      | 1877 ||| PLANNING D:1-11
  2130 | D:3      | 2130 ||| READING scroll labelled RIPSI JIANUBB.
  2131 | D:3      | 2131 ||| READING scroll labelled OTEUGU QOYQEH.
  2306 | D:4      | Found an iron altar of Okawaru.
  2307 | D:4      | 2307 ||| PLANNING OKAWARU WORSHIP
  2308 | D:4      | 2308 ||| UPGRADING to +0 pair of gloves.
  2340 | D:4      | 2340 ||| READING scroll labelled QUEGAU KECWI.
  2341 | D:4      | Found a hide-covered altar of Uskayaw.
  2342 | D:4      | Found a shimmering blue altar of Sif Muna.
  2342 | D:4      | Found a snail-covered altar of Cheibriados.
  2346 | D:4      | Became a worshipper of Warmaster Okawaru
  2347 | D:4      | 2347 ||| PLANNING D:1-11
  2521 | D:4      | HP: 9/38 [orc/+0 trident (3)]
  2526 | D:4      | 2526 ||| FLEEEEING.
  2527 | D:4      | 2527 ||| FLEEEEING.
  2528 | D:4      | 2528 ||| FLEEEEING.
  2529 | D:4      | 2529 ||| FLEEEEING.
  2530 | D:4      | 2530 ||| FLEEEEING.
  2531 | D:4      | 2531 ||| FLEEEEING.
  2532 | D:4      | 2532 ||| FLEEEEING.
  2533 | D:4      | 2533 ||| FLEEEEING.
  2534 | D:4      | 2534 ||| FLEEEEING.
  2535 | D:4      | 2535 ||| FLEEEEING.
  2536 | D:4      | 2536 ||| FLEEEEING.
  2537 | D:4      | 2537 ||| FLEEEEING.
  2538 | D:4      | 2538 ||| FLEEEEING.
  2539 | D:4      | 2539 ||| FLEEEEING.
  2540 | D:4      | 2540 ||| FLEEEEING.
  2541 | D:4      | 2541 ||| FLEEEEING.
  2542 | D:4      | 2542 ||| FLEEEEING.
  2543 | D:4      | 2543 ||| FLEEEEING.
  2544 | D:4      | 2544 ||| FLEEEEING.
  2545 | D:4      | 2545 ||| FLEEEEING.
  2546 | D:4      | 2546 ||| FLEEEEING.
  2547 | D:4      | 2547 ||| FLEEEEING.
  2548 | D:4      | 2548 ||| STAIRDANCE
  2632 | D:4      | 2632 ||| STAIRDANCE
  2657 | D:4      | Reached XP level 7. HP: 39/43 MP: 7/7
  2670 | D:4      | 2670 ||| STAIRDANCE
  2930 | D:4      | Found a broken altar of Ashenzari.
  3006 | D:4      | 3006 ||| UPGRADING to +0 cloak.
  3011 | D:4      | 3011 ||| READING scroll labelled ALUIDOU VEMEY.
  3012 | D:4      | 3012 ||| DRINKING 2 sedimented golden potions.
  3012 | D:4      | Gained mutation: Your spells are a little harder to cast,
                  | but a little more powerful. [potion of mutation]
  3012 | D:4      | Gained mutation: You passively dampen the noise of your
                  | surroundings. [potion of mutation]
  3013 | D:4      | 3013 ||| DRINKING 2 orange potions.
  3014 | D:4      | 3014 ||| DROPPING potion of attraction.
  3025 | D:5      | Entered Level 5 of the Dungeon
  3124 | D:5      | Reached skill level 7 in Ranged Weapons
  3386 | D:5      | 3386 ||| FLEEEEING.
  3387 | D:5      | 3387 ||| FLEEEEING.
  3388 | D:5      | 3388 ||| FLEEEEING.
  3389 | D:5      | 3389 ||| FLEEEEING.
  3390 | D:5      | 3390 ||| FLEEEEING.
  3391 | D:5      | 3391 ||| FLEEEEING.
  3392 | D:5      | 3392 ||| FLEEEEING.
  3393 | D:5      | 3393 ||| FLEEEEING.
  3394 | D:5      | 3394 ||| FLEEEEING.
  3395 | D:5      | 3395 ||| FLEEEEING.
  3396 | D:5      | 3396 ||| FLEEEEING.
  3397 | D:5      | 3397 ||| FLEEEEING.
  3398 | D:5      | 3398 ||| FLEEEEING.
  3399 | D:5      | 3399 ||| FLEEEEING.
  3400 | D:5      | 3400 ||| STAIRDANCE
  3463 | D:4      | 3463 ||| DRINKING 2 pink potions.
  3486 | D:5      | Found a stormy altar of Qazlal.
  3693 | D:5      | Reached skill level 8 in Ranged Weapons
  3727 | D:5      | Reached * piety under Okawaru
  3834 | D:5      | Reached XP level 8. HP: 47/49 MP: 8/8
  3929 | D:5      | 3929 ||| READING scroll labelled ZEOTIHOUDO.
  3988 | D:6      | Reached skill level 1 in Invocations
  3991 | D:6      | Found a glowing silver altar of Zin.
  3995 | D:6      | Noticed Maggie
  4005 | D:6      | 4005 ||| INVOKING Heroism.
  4014 | D:6      | HP: 9/49 [Maggie/bolt of fire (5)]
  4016 | D:6      | HP: 4/49 [Maggie/bolt of fire (5)]
  4024 | D:6      | HP: 2/49 [Maggie/+0 scimitar (5)]
  4029 | D:6      | Killed from afar by Maggie

Levels and vault maps discovered:
D:1:      scummos_arrival_simple_fountains, layout_rooms
D:2:      layout_loops_ring, minmay_small_reverse_x
D:3:      layout_loops_ring, lemuel_doored_altar, lightli_sewer_entry_pipes
D:4:      layout_cave_pods, general_overflow_altar, grunt_temple_overflow_open
D:5:      layout_basic, grunt_qazlal_clouds
D:6:      layout_rooms, mainiacjoe_overflow_paths, amcnicky_altar_gilded,
          minmay_temple_entry_slanted, uniq_grinder, uniq_maggie

Skill      XL: |  1  2  3  4  5  6  7  8 |
---------------+-------------------------+-----
Ranged Weapons | 5 6 8 |  8.0
Fighting       | 3 4 5 |  5.0
Armour         | 3 |  3.1
Invocations    | 1 |  1.1
Dodging        | |  1.7
Stealth        | |  1.1

Action                     |  1- 3 |  4- 6 |  7- 9 || total
---------------------------+-------+-------+-------++-------
   Fire: Shortbow          |    92 |   282 |   210 ||   584
 Invoke: Heroism           |       |       |     1 ||     1
    Use: Potion            |     2 |       |     3 ||     5
         Scroll            |     1 |     4 |     2 ||     7
 Armour: Leather armour    |    11 |       |       ||    11
         Ring mail         |       |    84 |    57 ||   141
  Dodge: Dodged            |    26 |   126 |    69 ||   221

Table legend:
 A = Non-vault XP
 B = Vault XP
 C = Vault XP percentage of total XP
 D = Non-vault monster count
 E = Vault monster count
 F = Vault count percentage of total count
                 A         B        C        D         E       F
            +---------+---------+-------+---------+---------+-------
      Total |    1074 |     176 |  14.1 |     101 |      22 |  17.9
            +---------+---------+-------+---------+---------+-------
        D:1 |      48 |       0 |   0.0 |      27 |       0 |   0.0
        D:2 |      67 |       8 |  10.7 |      11 |       4 |  26.7
        D:3 |     200 |     168 |  45.7 |      16 |      18 |  52.9
        D:4 |     148 |       0 |   0.0 |      23 |       0 |   0.0
        D:5 |     574 |       0 |   0.0 |      23 |       0 |   0.0
        D:6 |      37 |       0 |   0.0 |       1 |       0 |   0.0
            +---------+---------+-------+---------+---------+-------
